 Dungeon Crawl Stone Soup version 0.27-a0-1312-g5cdb2b3542 (webtiles) character file.

Game seed: 5984624706773094771

404 pokeman the Magician (level 6, -6/34 HPs)
             Began as a Deep Elf Hedge Wizard on June 20, 2021.
             Mangled by a hornet zombie (10 damage)
             ... on level 4 of the Dungeon.
             The game lasted 00:05:51 (3636 turns).

pokeman the Magician (Deep Elf Hedge Wizard)        Turns: 3636, Time: 00:05:52

Health: -6/34      AC:  3    Str:  7    XL:     6   Next: 56%
Magic:  0/18       EV: 12    Int: 21    God:
Gold:   147        SH:  0    Dex: 14    Spells: 8/19 levels left

rFire    . . .     SeeInvis .   q - +1 dagger (venom)
rCold    . . .     Faith    .   (no shield)
rNeg     . . .     Spirit   .   v - +0 leather armour
rPois    .         Reflect  .   c - +0 hat
rElec    .         Harm     .   (no cloak)
rCorr    .         Rampage  .   (no gloves)
Will     .....                  (no boots)
Stlth    ++........             (no amulet)
HPRegen  0.11/turn              (no ring)
MPRegen  0.16/turn              (no ring)

@: no status effects
A: no striking features
a: no special abilities


You were on level 4 of the Dungeon.
You visited 1 branch of the dungeon, and saw 4 of its levels.

You collected 147 gold pieces.

Inventory:

Hand Weapons
 q - a +1 dagger of venom (weapon)
 r - a +0 shortbow
Missiles
 g - 53 arrows
 u - 20 bolts
Armour
 b - a +0 robe
 c - a +0 hat (worn)
 v - a +0 leather armour (worn)
Wands
 f - a wand of flame (33)
 l - a wand of polymorph (9)
Scrolls
 a - 2 scrolls of blinking {unknown}
 d - a scroll of acquirement {unknown}
 e - a scroll of magic mapping {unknown}
 i - a scroll of teleportation {unknown}
 j - a scroll of immolation {unknown}
 o - a scroll of identify {unknown}
 p - 2 scrolls of fear {unknown}
 s - a scroll of vulnerability {unknown}
 t - a scroll of summoning {unknown}
Potions
 h - a potion of mutation {unknown}
 k - 2 potions of flight {unknown}
 m - 2 potions of haste {unknown}
 n - 2 potions of ambrosia {unknown}


   Skills:
 + Level 1.0 Fighting
 - Level 1.0 Armour
 - Level 3.0 Dodging
 - Level 3.1 Stealth
 * Level 7.2 Spellcasting
 + Level 3.4 Conjurations
 - Level 1.1 Summonings
 - Level 1.1 Translocations
 + Level 1.1 Fire Magic
 - Level 1.1 Air Magic
 - Level 1.2 Poison Magic
 - Level 1.2 Evocations


You had 8 spell levels left.
You knew the following spells:

 Your Spells              Type           Power      Damage    Failure   Level
a - Magic Dart            Conj           88%        1d7       3%          1
b - Mephitic Cloud        Conj/Pois/Air  15%        N/A       17%         3
c - Call Imp              Summ           12%        N/A       12%         2
d - Blink                 Tloc           N/A        N/A       12%         2
e - Conjure Flame         Conj/Fire      17%        6-21      14%         3

Your spell library contained the following spells:

 Spells                   Type           Power      Damage    Failure   Level
 Slow                     Hex            7%         N/A       19%         2


Dungeon Overview and Level Annotations

Branches:
Dungeon (4/15)
 Temple: D:4-7

Altars:
Nemelex Xobeh


Message History

Casting: Magic Dart (safe; 3% risk of failure)
Confirm with . or Enter, or press ? or * to list all spells.
The spell is quite dangerous to cast (14% risk of failure)!
Continue anyway?
The fire begins to smoulder!
The fire ignites!
The hornet zombie is engulfed in blazing flames.
The hornet zombie hits you!
You hit the hornet zombie.
The hornet zombie is lightly damaged.
The hornet zombie is engulfed in blazing flames.
The hornet zombie barely misses you.
Unknown command.
You hit the hornet zombie but do no damage.
The hornet zombie is moderately damaged.
The hornet zombie is engulfed in blazing flames.
The hornet zombie hits you!
* * * LOW HITPOINT WARNING * * *
Unknown command.
Casting: Conjure Flame (quite dangerous; 14% risk of failure)
Confirm with . or Enter, or press ? or * to list all spells.
You blink.
The hornet zombie is engulfed in blazing flames.
Casting: Blink (safe; 12% risk of failure)
Confirm with . or Enter, or press ? or * to list all spells.
You blink.
Unknown command.
Aiming: Throw Flame
Press: ? - help, Shift-Dir - straight line, f - hornet zombie
Aim: a hornet zombie (severely damaged, 72% to hit)
The puff of flame hits the hornet zombie.
The hornet zombie is severely damaged.
The hornet zombie barely misses you. The hornet zombie hits you.
* * * LOW HITPOINT WARNING * * *
Aiming: Throw Flame
Press: ? - help, Shift-Dir - straight line, f/p - hornet zombie
Aim: a hornet zombie (severely damaged, 72% to hit)
The puff of flame hits the hornet zombie.
The hornet zombie is severely damaged.
The hornet zombie hits you!
You die...

#.......#
#)......#
#........
#)).....# . #)#
.. #.#######...
#####...ยง.......
#.......Z...#...
#.###<..@...#
#########


You could see a hornet zombie.

Vanquished Creatures
  A black bear (D:4)
  A centaur (D:3)
  An orc priest (D:4)
  Natasha (thrice) (D:2)
  An iguana (D:3)
  An orc wizard (D:4)
  3 adders
  A dart slug (D:2)
  3 orcs (D:4)
  5 bats
  7 endoplasms
  2 goblins
  5 hobgoblins
  7 jackals
  A quokka (D:1)
  5 ball pythons
  2 frilled lizards (D:1)
  2 kobolds (D:1)
  2 rats (D:3)
53 creatures vanquished.

Notes
Turn   | Place    | Note
-------+----------+-------------------------------------------
     0 | D:1      | pokeman the Deep Elf Hedge Wizard began the quest for the
                  | Orb.
     0 | D:1      | Reached XP level 1. HP: 10/10 MP: 7/7
   107 | D:1      | Found a faded altar of an unknown god.
   307 | D:1      | Reached XP level 2. HP: 16/16 MP: 6/9
  1255 | D:2      | Reached skill level 5 in Spellcasting
  1319 | D:2      | Reached XP level 3. HP: 20/20 MP: 6/11
  1323 | D:2      | Learned a level 3 spell: Mephitic Cloud
  1326 | D:2      | Learned a level 2 spell: Call Imp
  1329 | D:2      | Learned a level 2 spell: Blink
  1333 | D:2      | Learned a level 3 spell: Conjure Flame
  1710 | D:2      | Found a sparkling altar of Nemelex Xobeh.
  1720 | D:2      | Reached skill level 1 in Fighting
  1757 | D:2      | Reached skill level 1 in Armour
  1951 | D:2      | Noticed Natasha
  1960 | D:2      | Killed Natasha
  1961 | D:2      | Reached XP level 4. HP: 9/25 MP: 2/13
  2362 | D:2      | Noticed Natasha
  2378 | D:2      | Killed Natasha
  2673 | D:2      | Noticed Natasha
  2684 | D:2      | Killed Natasha
  2685 | D:2      | Reached skill level 1 in Fire Magic
  2827 | D:3      | Noticed a centaur
  2836 | D:3      | Reached skill level 6 in Spellcasting
  2836 | D:3      | Reached XP level 5. HP: 29/29 MP: 7/15
  2842 | D:3      | Killed a centaur
  2843 | D:3      | Reached skill level 1 in Air Magic
  2843 | D:3      | Reached skill level 1 in Poison Magic
  3563 | D:4      | Reached XP level 6. HP: 15/34 MP: 8/17
  3591 | D:4      | Reached skill level 7 in Spellcasting
  3591 | D:4      | Reached skill level 1 in Evocations
  3636 | D:4      | Mangled by a hornet zombie

Illustrated notes

Levels and vault maps discovered:
D:1:      lightli_arrival_boilingwater, layout_loops_ring,
          ebering_ecumenical_altar_abandoned, roderic_lattice_a,
          hangedman_decor_push
D:2:      layout_basic, basic_altar, uniq_natasha
D:3:      layout_basic
D:4:      layout_basic, minmay_temple_entry_statues, minmay_door_square,
          kennysheep_orc_chapel

Skill      XL: |  1  2  3  4  5  6 |
---------------+-------------------+-----
Spellcasting   | 5 6 7 |  7.2
Fighting       | 1 |  1.0
Armour         | 1 |  1.0
Conjurations   | 2 3 |  3.4
Dodging        | 3 |  3.0
Fire Magic     | 1 |  1.1
Air Magic      | 1 |  1.1
Poison Magic   | 1 |  1.2
Stealth        | 3 |  3.1
Evocations     | 1 |  1.2
Summonings     | |  1.1
Translocations | |  1.1

Action                   |  1- 3 |  4- 6 || total
-------------------------+-------+-------++-------
Melee: Spear             |     2 |       ||     2
       Dagger            |     2 |    31 ||    33
 Cast: Magic Dart        |    80 |    33 ||   113
       Mephitic Cloud    |     1 |     6 ||     7
       Conjure Flame     |       |     3 ||     3
       Blink             |       |     2 ||     2
Evoke: Wand              |       |     2 ||     2
 Stab: Confused          |       |     3 ||     3
Armor: Robe              |     2 |     1 ||     3
       Leather armour    |       |     1 ||     1
Dodge: Dodged            |     6 |    17 ||    23

Table legend: (Time is in decaauts)
 A = Elapsed time spent in this place.
 B = Non-inter-level travel time spent in this place.
 C = Inter-level travel time spent in this place.
 D = Time resting spent in this place.
 E = Time spent auto-exploring this place.
 F = Levels seen in this place.
 G = Mean time per level.
                   A        B        C        D        E       F      G
               +--------+--------+--------+--------+--------+-----+--------+
         Total |   3641 |   3507 |    134 |    598 |   2527 |   4 |  910.2 |
       Dungeon |   3641 |   3507 |    134 |    598 |   2527 |   4 |  910.2 |
               +--------+--------+--------+--------+--------+-----+--------+

Top non-repeatable levels by time:
     D:2: 1551 daAuts
     D:1: 1186 daAuts
     D:3: 813 daAuts
     D:4: 89 daAuts
